 Dungeon Crawl Stone Soup version 0.26.1-11-gd32895ea62 (webtiles) character file.

Game seed: 5302647141041511974

573440 ziltoidlt the Opulent (level 27, -5/215 HPs)
             Began as a Gnoll Venom Mage on June 10, 2021.
             Was an Initiate of Gozag.
             Slain by a stone giant (26 damage)
             ... on level 5 of the Vaults on June 18, 2021.
             The game lasted 16:51:47 (92639 turns).

ziltoidlt the Opulent (Gnoll Venom Mage)           Turns: 92639, Time: 16:51:48

Health: -5/215     AC: 36    Str: 27      XL:     27
Magic:  45/45      EV: 31    Int: 31      God:    Gozag
Gold:   5306       SH: 21    Dex: 16 (17) Spells: 1/62 levels left

rFire    + + .     SeeInvis +   a - +7 morningstar of Reepp {protect, Str+8}
rCold    + + +     Faith    .   f - +5 kite shield {rC+}
rNeg     + + +     Spirit   .   F - +3 leather armour {Will+}
rPois    ∞         Reflect  .   g - +2 helmet {Int+3}
rElec    +         Harm     .   V - scarf {rC+ rF+}
rCorr    .         Rampage  .   k - +2 pair of gloves {Str+3}
Will     +++++                  e - +2 pair of boots {run}
Stlth    ++++++....             L - amulet of the Air {Inacc +Fly rElec EV+5 RMsl}
HPRegen  0.45/turn              o - ring "Ixafat" {rPois rF+ Will+}
MPRegen  0.29/turn              v - ring of the Traitor {Int+4 SInv}

@: lich-form, silence, gold aura, protection aura, repel missiles, quick
A: distributed training, fangs 1, iridescent scales 2, berserk 1, cold
resistance 1, deterioration 1, wild magic 1, strong nose
}: 2/15 runes: serpentine, barnacled
a: End Transformation, Renounce Religion, Evoke Flight


You were on level 5 of the Vaults.
You worshipped Gozag.
Gozag was greatly pleased with you.
You were a lich.
You visited 10 branches of the dungeon, and saw 48 of its levels.
You visited 1 bazaar.
You also visited: Ossuary, Bailey, Ice Cave, Volcano and Wizlab.

You collected 31886 gold pieces.
You spent 14754 gold pieces at shops.
You paid 11826 gold pieces to Gozag.

Inventory:

Hand Weapons
 a - the +7 morningstar of Reepp (weapon) {protect, Str+8}
   (You found it on level 4 of the Shoals)

   It grants its wielder temporary protection when it strikes (+7 to AC).
   It affects your strength (+8).
 b - a +4 rapier of electrocution
 w - the +7 broad axe "Todathrei" {holy, Int+9}
   (You bought it in a shop on level 2 of the Orcish Mines)

   It has been blessed by the Shining One to cause great damage to the undead
   and demons.
   It affects your intelligence (+9).
Missiles
 c - 7 javelins
 s - 4 throwing nets
 C - 16 silver javelins
Armour
 e - a +2 pair of boots of running (worn)
 f - a +5 kite shield of cold resistance (worn)
 g - a +2 helmet of intelligence (worn)
 k - a +2 pair of gloves of strength (worn)
 F - a +3 leather armour of willpower (worn)
 V - a scarf of resistance (worn)
Jewellery
 o - the ring "Ixafat" (left hand) {rPois rF+ Will+}
   (You bought it in a shop on level 2 of the Depths)

   [ring of willpower]

   It protects you from fire.
   It protects you from poison.
   It affects your willpower, your defense against some magical effects.
 q - the ring "Epimagg" {rN+ Will+ Int+3 Dex-3}
   (You bought it in a shop on level 8 of the Dungeon)

   [ring of willpower]

   It affects your intelligence (+3).
   It affects your dexterity (-3).
   It protects you from negative energy.
   It affects your willpower, your defense against some magical effects.
 v - the ring of the Traitor (right hand) {Int+4 SInv}
   (You took it off a deep elf mage on level 2 of the Elven Halls)

   [ring of see invisible]

   It affects your intelligence (+4).
   It lets you see invisible.
 z - an uncursed ring of wizardry
 L - the amulet of the Air (around neck) {Inacc +Fly rElec EV+5 RMsl}
   (You found it on level 2 of the Depths)

   [amulet of inaccuracy]

   It reduces the accuracy of all your attacks.
   It affects your evasion (+5).
   It insulates you from electricity.
   It lets you fly.
   It protects you from missiles.
 O - an uncursed ring of resist corrosion
Wands
 h - a wand of digging (11)
 l - a wand of iceblast (74)
 G - a wand of acid (51)
 J - a wand of paralysis (55)
 U - a wand of disintegration (40)
Scrolls
 i - 4 scrolls of amnesia
 j - 18 scrolls of remove curse
 n - 26 scrolls of identify
 p - a scroll of immolation
 r - 16 scrolls of fog
 u - a scroll of silence
 y - a scroll of summoning
 H - 20 scrolls of teleportation
 K - 5 scrolls of holy word
 P - 2 scrolls of magic mapping
 R - 5 scrolls of blinking
 Y - 8 scrolls of fear
Potions
 d - 4 potions of haste
 m - 28 potions of curing
 t - 5 potions of resistance
 x - 4 potions of ambrosia
 A - 5 potions of cancellation
 D - 18 potions of heal wounds
 I - 3 potions of magic
 S - 9 potions of might
 T - 5 potions of invisibility
 X - 6 potions of brilliance
Miscellaneous
 E - a box of beasts
 M - a lightning rod (4/4)
 N - a condenser vane
 Q - a phantom mirror
 Z - a phial of floods


   Skills:
 + Level 17.5 Fighting
 + Level 17.5 Short Blades
 + Level 18.0 Long Blades
 + Level 17.5 Axes
 + Level 17.5 Maces & Flails
 + Level 17.5 Polearms
 + Level 17.5 Staves
 + Level 17.5 Slings
 + Level 17.5 Bows
 + Level 17.5 Crossbows
 + Level 17.5 Throwing
 + Level 17.5 Armour
 + Level 18.0 Dodging
 + Level 17.9 Stealth
 + Level 17.5 Shields
 + Level 17.5 Unarmed Combat
 + Level 18.0 Spellcasting
 + Level 15.1 Conjurations
 + Level 15.1 Hexes
 + Level 15.1 Summonings
 + Level 15.1 Necromancy
 + Level 15.1 Translocations
 + Level 15.2 Transmutations
 + Level 15.1 Fire Magic
 + Level 15.1 Ice Magic
 + Level 15.1 Air Magic
 + Level 15.1 Earth Magic
 + Level 15.8 Poison Magic
 + Level 18.9 Invocations
 + Level 17.5 Evocations


You had one spell level left.
You knew the following spells:

 Your Spells              Type           Power        Failure   Level
a - Ignition              Fire           51%          28%         8
b - Iron Shot             Conj/Erth      51%          1%          6
c - Spellforged Servitor  Conj/Summ      51%          4%          7
d - Olgreb's Toxic Radia  Pois           100%         1%          4
e - Blink                 Tloc           N/A          1%          2
f - Freezing Cloud        Conj/Ice/Air   51%          1%          6
g - Necromutation         Tmut/Necr      63%          28%         8
h - Statue Form           Tmut/Erth      68%          1%          6
A - Passage of Golubria   Tloc           N/A          1%          4
B - Swiftness             Air            100%         1%          2
C - Passwall              Tmut/Erth      85%          1%          2
D - Apportation           Tloc           100%         1%          1
E - Silence               Hex/Air        51%          1%          5

Your spell library contained the following spells:

 Spells                   Type           Power        Failure   Level
 Animate Skeleton         Necr           100%         1%          1
 Beastly Appendage        Tmut           100%         1%          1
 Corona                   Hex            100%         1%          1
 Foxfire                  Conj/Fire      100%         1%          1
 Freeze                   Ice            100%         1%          1
 Magic Dart               Conj           100%         1%          1
 Pain                     Necr           100%         1%          1
 Sandblast                Erth           100%         1%          1
 Sting                    Tmut/Pois      100%         1%          1
 Summon Small Mammal      Summ           100%         1%          1
 Call Imp                 Summ           100%         1%          2
 Corpse Rot               Necr/Air       N/A          1%          2
 Ensorcelled Hibernation  Hex/Ice        100%         1%          2
 Poisonous Vapours        Pois/Air       100%         1%          2
 Searing Ray              Conj           100%         1%          2
 Slow                     Hex            100%         1%          2
 Confusing Touch          Hex            100%         1%          3
 Conjure Flame            Conj/Fire      100%         1%          3
 Dazzling Flash           Conj/Hex       100%         1%          3
 Frozen Ramparts          Ice            100%         1%          3
 Gell's Gravitas          Tloc           51%          1%          3
 Ignite Poison            Fire/Tmut/Pois 100%         1%          3
 Inner Flame              Hex/Fire       100%         1%          3
 Lesser Beckoning         Tloc           51%          1%          3
 Mephitic Cloud           Conj/Pois/Air  100%         1%          3
 Spider Form              Tmut/Pois      52%          1%          3
 Static Discharge         Conj/Air       100%         1%          3
 Stone Arrow              Conj/Erth      100%         1%          3
 Summon Guardian Golem    Hex/Summ       100%         1%          3
 Tukima's Dance           Hex            100%         1%          3
 Vampiric Draining        Necr           63%          1%          3
 Animate Dead             Necr           63%          1%          4
 Fulminant Prism          Conj/Hex       51%          1%          4
 Hailstorm                Conj/Ice       100%         1%          4
 Ice Form                 Ice/Tmut       100%         1%          4
 Iskenderun's Mystic Bla  Conj/Tloc      100%         1%          4
 Leda's Liquefaction      Hex/Erth       51%          1%          4
 Petrify                  Tmut/Erth      100%         1%          4
 Summon Ice Beast         Ice/Summ       100%         1%          4
 Summon Lightning Spire   Summ/Air       100%         1%          4
 Agony                    Necr           100%         1%          5
 Alistair's Intoxication  Tmut/Pois      69%          1%          5
 Blade Hands              Tmut           51%          1%          5
 Bolt of Magma            Conj/Fire/Erth 51%          1%          5
 Borgnjor's Vile Clutch   Necr/Erth      63%          1%          5
 Irradiate                Conj/Tmut      51%          1%          5
 Iskenderun's Battlesphe  Conj           100%         1%          5
 Lee's Rapid Deconstruct  Erth           51%          1%          5
 Lightning Bolt           Conj/Air       51%          1%          5
 Metabolic Englaciation   Hex/Ice        51%          1%          5
 Summon Demon             Summ           51%          1%          5
 Summon Forest            Summ/Tloc      51%          1%          5
 Summon Mana Viper        Hex/Summ       100%         1%          5
 Yara's Violent Unravell  Hex/Tmut       51%          1%          5
 Conjure Ball Lightning   Conj/Air       51%          1%          6
 Death Channel            Necr           63%          1%          6
 Hydra Form               Tmut           51%          1%          6
 Invisibility             Hex            100%         1%          6
 Shadow Creatures         Summ           N/A          1%          6
 Starburst                Conj/Fire      51%          1%          6
 Dragon Form              Tmut           51%          4%          7
 Haunt                    Necr/Summ      63%          4%          7
 Malign Gateway           Summ/Tloc      51%          4%          7
 Orb of Destruction       Conj           51%          4%          7
 Summon Hydra             Summ           51%          4%          7
 Borgnjor's Revivificati  Necr           63%          28%         8
 Infestation              Necr           63%          28%         8
 Death's Door             Necr           63%          98%         9
 Shatter                  Erth           51%          98%         9
 Tornado                  Air            51%          98%         9


Dungeon Overview and Level Annotations

Branches:
Dungeon (15/15)            Temple (1/1) D:4            Lair (6/6) D:8
 Shoals (4/4) Lair:2        Snake (4/4) Lair:4        Slime (0/5) Lair:5
    Orc (2/2) D:12            Elf (3/3) Orc:2        Vaults (5/5) D:13
  Crypt (3/3) Vaults:3       Tomb (0/3) Crypt:3      Depths (5/5) D:15
    Zot (0/5) Depths:5    Ossuary (visited)          Bailey (visited)
  IceCv (visited)         Volcano (visited)          WizLab (visited)

Altars:
Ashenzari
Cheibriados
Dithmenos
Elyvilon
Fedhas
Gozag
Hepliaklqana
Kikubaaqudgha
Makhleb
Nemelex Xobeh
Okawaru
Qazlal
Ru
Sif Muna
Trog
Uskayaw
Vehumet
Wu Jian
Xom
Yredelemnul
Zin
The Shining One
Jiyva

Shops:
D:4 *   D:8 :[?*((=   D:11 :   D:13 [   Orc:1 *   Orc:2 (!*(*   Elf:1 ?
Elf:2 =   Vaults:1 ?   Vaults:3 !?}   Depths:2 =   Depths:4 =}=

Portals:
Hell: Depths:2 Depths:3 Depths:4 Depths:5
Abyss: Depths:3 Depths:4
Pandemonium: Depths:1 Depths:3 Depths:4
Ziggurat: Depths:2

Annotations:
D:6 exclusions: gargoyle and 4 more exclusions
Lair:6 exclusion: oklob plant
Snake:4 Asterion
Elf:2 exclusions: dancing weapon and deep elf knight
Depths:1 1 exclusion


Innate Abilities, Weirdness & Mutations

Your experience applies equally to all skills.
You have very sharp teeth.
Your uncanny sense of smell can sniff out nearby items.
You are mostly covered in iridescent scales. (AC +4)
You tend to lose your temper in combat.
Your flesh is cold resistant. (rC+)
Your body sometimes deteriorates upon taking damage.
Your spells are a little harder to cast, but a little more powerful.


Message History

The tengu reaver is almost dead.
You block the tengu reaver's attack. x3
You thump the tengu reaver!
The tengu reaver is almost dead.
You block the stone giant's attack.
You miss the tengu reaver. Your bite misses the tengu reaver.
The tengu reaver is almost dead.
You block the tengu reaver's attack. x3; The stone giant hits you!!
* * * LOW HITPOINT WARNING * * *
You barely miss the tengu reaver.
The tengu reaver is almost dead.
You hit the tengu reaver.
You kill the tengu reaver!
The battlesphere dissipates.
You block the stone giant's attack.
You puncture the stone giant!
You bite the stone giant, but do no damage.
The stone giant is lightly wounded.
The stone giant hits you!!
You die...
Your body crumbles into a pile of gold.

#.. .# #..#
. #..##H
#..#.##
#..... #..#.
$ #..$##
#..$L#####
#..☼$C......
#...........
#...........
$
#...........
#....#######
#......#
#..#.#.# $
#..#.#.#


You could see a stone giant.

Vanquished Creatures
  An ancient lich (Crypt:1)
  The ghost of strangelove the Metallomancer, a master GrEE of Vehumet (Depths:1)
  Mennas (Vaults:4)
  2 juggernauts
  Sojobo (Depths:1)
  Boris (Vaults:4)
  Frederick (Crypt:1)
  Margery (Vaults:5)
  Vashnia (Snake:1)
  Nikola (Vaults:2)
  Jory (Crypt:3)
  A Cloud Mage (WizLab)
  4 liches
  A shard shrike zombie (Crypt:2)
  2 tentacled monstrosities
  Jorgrun (D:15)
  Asterion (Snake:4)
  6 titans
  2 deep elf blademasters (Elf:3)
  2 deep elf master archers (Elf:3)
  2 krakens
  5 quicksilver dragons
  4 sphinxes (Vaults:5)
  Gastronok (Lair:1)
  4 ancient champions
  Agnes (D:14)
  Kirke (Shoals:3)
  5 shadow dragons
  Donald (Vaults:4)
  2 storm dragons
  9 nagarajas
  Roxanne (Elf:1)
  A revenant (Crypt:3)
  5 deep elf sorcerers
  11 tengu reavers
  4 fire giants
  6 frost giants
  An orc warlord (Vaults:5)
  A ghost moth (Crypt:3)
  A draconian knight (Depths:4)
  10 vault wardens
  An iron dragon (Vaults:5)
  Louise (Snake:4)
  2 curse skulls
  2 spriggan defenders
  A draconian stormcaller (Depths:4)
  6 deep elf elementalists (Elf:3)
  5 ghouls
  A reaper (Crypt:2)
  16 ironheart preservers
  2 juggernaut skeletons
  27 very ugly things
  27 stone giants
  Nessos (Lair:4)
  7 vampire knights
  12 deep elf demonologists
  A red draconian (Volcano)
  A purple draconian (Depths:4)
  A white draconian (IceCv)
  A green draconian (Depths:5)
  A bunyip (shapeshifter) (Vaults:5)
  A lorocyproca (Depths:3)
  7 deep elf annihilators
  4 deep elf death magi
  2 entropy weavers (Vaults:1)
  2 blizzard demons (WizLab)
  3 eidola
  An eleionoma (shapeshifter) (Vaults:1)
  5 spark wasps
  6 merfolk impalers
  9 jiangshi
  12 ettins
  3 merfolk javelineers
  A spectral quicksilver dragon (Crypt:3)
  A spectral golden dragon (Crypt:3)
  2 deep elf high priests
  9 fire dragons
  11 naga warriors
  15 yaktaur captains
  9 ice dragons
  7 great orbs of eyes
  4 rakshasas
  A hydra (shapeshifter) (Vaults:1)
  A hell beast (Depths:4)
  6 hydras
  28 vault guards
  8 boulder beetles
  A juggernaut simulacrum (Depths:3)
  A spectral fire giant (Crypt:3)
  8 death knights
  6 spriggan air magi
  3 anacondas
  3 merfolk aquamancers
  A catoblepas (Lair:5)
  3 ghost crabs (WizLab)
  9 centaur warriors
  14 ogre magi
  A spectral frost giant (Crypt:3)
  4 deep troll shamans
  3 merfolk avatars
  5 tengu warriors
  10 vampire magi
  8 deep troll earth magi
  2 satyrs (Shoals:4)
  4 orc high priests
  47 two-headed ogres
  5 death yaks
  A storm dragon zombie (Depths:4)
  9 naga sharpshooters
  A titan zombie (Crypt:2)
  4 spriggan berserkers
  6 shock serpents
  The ghost of Denhark the Cleaver, a novice DDFi of Makhleb (D:9)
  A soul eater (Crypt:3)
  30 deep elf knights
  3 salamander mystics
  10 shadow wraiths
  34 skeletal warriors
  5 hell knights
  3 infernal demonspawn
  A spectral hydra (Crypt:3)
  24 deep trolls
  5 unseen horrors
  2 storm dragon skeletons
  7 sea snakes
  A quicksilver dragon simulacrum (Crypt:3)
  A death drake (WizLab)
  6 wizards
  5 glowing orange brains
  9 flayed ghosts
  3 gelid demonspawn
  4 naga ritualists
  A bog body (Crypt:1)
  22 deep elf archers
  A golden dragon skeleton (Depths:4)
  9 phantasmal warriors
  11 ironbrand convokers
  11 necromancers
  A spectral anaconda (Crypt:3)
  23 harpies
  A sphinx zombie (Vaults:4)
  A shadow dragon zombie (Crypt:2)
  73 deep elf magi
  5 wolf spiders
  A lindwurm (shapeshifter) (Elf:1)
  2 lindwurms (Lair:6)
  A frost giant zombie (Depths:3)
  14 orc knights
  2 mana vipers
  44 ugly things
  A spectral alligator (Crypt:3)
  12 orc sorcerers
  11 manticores
  A frost giant skeleton (Depths:3)
  11 fauns
  A moth of wrath (shapeshifter) (Depths:3)
  8 cyclopes
  14 naga magi
  An ice statue (IceCv)
  Maurice (D:12)
  A moth of wrath (D:13)
  A human skeleton (Vaults:4)
  A stone giant skeleton (Vaults:4)
  11 elephants
  8 merfolk sirens
  12 salamanders
  19 vault sentinels
  An apocalypse crab (WizLab)
  A guardian serpent (shapeshifter) (Vaults:1)
  An orange demon (Depths:3)
  14 guardian serpents
  2 fire giant skeletons
  7 water nymphs
  24 black mambas
  A molten gargoyle (Volcano)
  7 torpor snails
  2 gargoyles (D:13)
  4 kobold demonologists
  A yellow draconian zombie (Crypt:2)
  A hellion (Depths:4)
  2 hellwings
  8 cane toads
  8 komodo dragons
  17 freezing wraiths
  48 yaktaurs
  18 merfolk
  4 harpy zombies (Shoals:4)
  2 ice devils (D:12)
  A sea snake skeleton (Crypt:3)
  A queen bee (Lair:3)
  3 red devils
  A queen bee (shapeshifter) (Vaults:2)
  A troll (shapeshifter) (Depths:5)
  A tengu conjurer (Depths:1)
  9 trolls
  A tyrant leech (shapeshifter) (Elf:1)
  A polar bear (shapeshifter) (Vaults:3)
  28 polar bears
  A purple draconian skeleton (Crypt:3)
  5 tyrant leeches
  A meliai (shapeshifter) (D:15)
  A wind drake (shapeshifter) (D:15)
  8 wind drakes
  10 hornets
  A slime creature (shapeshifter) (D:13)
  Prince Ribbit (Lair:1)
  7 blink frogs
  A snapping turtle (shapeshifter) (Depths:3)
  A tarantella zombie (Crypt:1)
  A fire giant simulacrum (Vaults:4)
  2 raiju (Lair:6)
  6 snapping turtles
  2 dream sheep (Shoals:3)
  17 slime creatures
  A meliai zombie (D:12)
  A redback (Vaults:1)
  7 air elementals
  4 shadows
  A tarantella (shapeshifter) (Depths:2)
  3 spriggans
  A spriggan (shapeshifter) (Elf:2)
  2 dire elephant simulacra
  Sigmund (D:4)
  A wind drake zombie (Crypt:3)
  6 water elementals
  3 vampires
  A tyrant leech zombie (Crypt:1)
  3 hogs (Shoals:3)
  14 wraiths
  91 yaks
  A hog (shapeshifter) (Vaults:2)
  Eustachio (D:5)
  A black mamba skeleton (Crypt:1)
  7 fire bats
  A human (shapeshifter) (Vaults:5)
  11 basilisks
  A yak (shapeshifter) (Vaults:2)
  2 fire elementals
  5 wyverns
  A steam dragon (Lair:3)
  A green draconian simulacrum (Crypt:3)
  A human simulacrum (Vaults:1)
  9 vampire mosquitoes
  A glowing shapeshifter zombie (Crypt:3)
  33 nagas
  A torturous demonspawn zombie (Crypt:3)
  16 wargs
  Edmund (D:6)
  4 acid dragons
  3 swamp worms (D:13)
  Duvessa (D:6)
  2 floating eyes (Depths:1)
  13 hell hounds (Lair:6)
  A hydra simulacrum (Crypt:3)
  15 water moccasins
  A manticore zombie (Shoals:4)
  2 snapping turtle zombies (Crypt:1)
  15 black bears
  44 orc warriors
  An alligator simulacrum (Crypt:3)
  A swamp dragon zombie (Crypt:2)
  34 ogres
  3 ice beasts
  2 necrophages
  2 phantoms
  16 boggarts
  16 centaurs
  44 wolves
  3 elf zombies (Ossuary)
  5 big kobolds
  6 earth elementals
  19 bullfrogs
  A yaktaur skeleton (Crypt:1)
  An octopode zombie (Crypt:3)
  A salamander skeleton (Crypt:2)
  2 wyvern zombies
  A wyvern skeleton (D:7)
  6 scorpions
  Dowan (D:6)
  A troll zombie (D:12)
  A shapeshifter zombie (Crypt:2)
  45 killer bees
  25 wights
  3 howler monkeys (D:8)
  9 electric eels
  5 crimson imps
  4 lava snakes (Volcano)
  A bullfrog zombie (D:9)
  3 quasits
  A black bear zombie (Crypt:1)
  8 human zombies
  2 jellies
  3 hounds
  28 orc wizards
  4 centaur zombies
  5 centaur skeletons
  11 orc priests
  2 bullfrog skeletons
  4 iron imps
  3 iguanas
  A hell rat (Lair:2)
  13 worker ants
  A spriggan simulacrum (Crypt:3)
  3 nameless horrors
  7 ogre zombies (D:12)
  A naga skeleton (Crypt:3)
  A hound zombie (D:6)
  A hound skeleton (D:5)
  3 mummies (Ossuary)
  2 howler monkey zombies
  A worker ant zombie (D:5)
  4 gnolls (Bailey)
  2 river rats (Lair:3)
  8 adders
  8 shadow imps
  2 white imps
  4 ufetubi
  A worm zombie (D:5)
  An iguana zombie (Crypt:2)
  An adder skeleton (D:9)
  6 worms
  3 dart slugs
  4 leopard geckos
  92 orcs
  14 bats
  4 giant cockroaches
  17 goblins
  17 hobgoblins
  7 jackals
  2 quokkas
  3 frilled lizards
  A gnoll skeleton (Crypt:2)
  2 goblin zombies (D:12)
  3 hobgoblin zombies
  21 kobolds
  3 orc skeletons (D:12)
  15 orc zombies (D:12)
  7 rats
  A spectral kobold (Crypt:3)
  5 tentacles
2278 creatures vanquished.

Vanquished Creatures (collateral kills)
  Saint Roka (Crypt:1)
  A caustic shrike (Depths:2)
  2 golden dragons
  2 tentacled monstrosities
  A quicksilver dragon (Vaults:5)
  An ancient champion (Crypt:3)
  4 nagarajas (Snake:4)
  2 revenants
  A fire giant (D:15)
  2 iron dragons
  A vault warden (Vaults:5)
  2 tengu reavers
  2 frost giants
  A very ugly thing (Vaults:5)
  2 ironheart preservers
  A stone giant (Vaults:5)
  A war gargoyle (Vaults:5)
  A reaper (Crypt:3)
  A vampire knight (Crypt:3)
  An entropy weaver (Vaults:1)
  A yellow draconian (Depths:5)
  3 eidola (Crypt:3)
  A merfolk javelineer (Shoals:4)
  2 spectral quicksilver dragons (Crypt:3)
  An ettin (Depths:4)
  A merfolk impaler (Shoals:1)
  2 jiangshi
  A deep elf high priest (Vaults:5)
  A quicksilver dragon skeleton (Crypt:1)
  A yaktaur captain (Vaults:5)
  A hydra (shapeshifter) (Depths:2)
  A vault guard (D:13)
  5 naga warriors
  A ghost crab (WizLab)
  2 centaur warriors
  2 anacondas
  An ogre mage (Vaults:5)
  A deep troll shaman (Depths:2)
  A death yak (IceCv)
  An orc high priest (Elf:2)
  5 naga sharpshooters
  A deep elf knight (Vaults:3)
  2 hell knights (Depths:5)
  8 skeletal warriors
  A salamander mystic (Snake:4)
  A sea snake (Shoals:2)
  9 deep trolls
  A flayed ghost (Crypt:3)
  A naga ritualist (Snake:2)
  4 deep elf archers
  8 orc knights
  A spectral wolf spider (Crypt:3)
  A spectral hydra (Crypt:3)
  3 ironbrand convokers
  7 harpies
  2 phantasmal warriors
  2 necromancers
  A stone giant zombie (Crypt:3)
  A spectral ice dragon (Crypt:3)
  10 ugly things
  3 salamanders
  A cyclops (Vaults:1)
  A shadow dragon skeleton (Depths:3)
  6 deep elf magi
  An orc sorcerer (Vaults:2)
  4 manticores
  A mana viper (Snake:1)
  2 merfolk sirens (Shoals:1)
  5 black mambas
  A stone giant skeleton (Crypt:2)
  A centaur skeleton (D:15)
  5 guardian serpents
  10 naga magi
  A water nymph (Shoals:4)
  A gargoyle (D:13)
  7 yaktaurs
  An efreet (D:13)
  A hydra zombie (Crypt:2)
  A pale draconian skeleton (Crypt:1)
  9 freezing wraiths
  3 harpy zombies
  2 merfolk (Shoals:2)
  A polar bear (IceCv)
  A snapping turtle (Shoals:1)
  A shadow (D:13)
  An ice dragon skeleton (Crypt:3)
  A wraith (Vaults:1)
  An ettin skeleton (Crypt:1)
  5 yaks
  A hog (Shoals:3)
  A human (shapeshifter) (Vaults:1)
  A water nymph zombie (Crypt:3)
  8 nagas
  A soldier ant (D:14)
  A spectral snapping turtle (Crypt:3)
  A monstrous demonspawn skeleton (Crypt:2)
  9 orc warriors
  A manticore zombie (Shoals:4)
  A wolf (IceCv)
  6 ogres
  A snapping turtle skeleton (Crypt:1)
  A wolf (shapeshifter) (Vaults:1)
  A polar bear zombie (Crypt:3)
  A warg skeleton (Crypt:1)
  2 wights (D:13)
  A hound (D:13)
  2 orc priests (Orc:2)
  2 orc wizards
  8 orcs
  A kobold zombie (Crypt:1)
  An orc skeleton (D:12)
  2 orc zombies (D:12)
261 creatures vanquished.

Vanquished Creatures (others)
  A spark wasp (WizLab)
  A blizzard demon (WizLab)
  28 dancing weapons
  A deep troll (Depths:1)
  A wizard (Vaults:3)
  A manticore (Shoals:4)
  A naga mage (Snake:4)
  A naga (Snake:1)
  A bullfrog (D:8)
  A bush (Lair:3)
  32 fungi
  120 plants
  8 tentacles
197 creatures vanquished.

Grand Total: 2736 creatures vanquished

Notes
Turn   | Place    | Note
-------+----------+-------------------------------------------
     0 | D:1      | ziltoidlt the Gnoll Venom Mage began the quest for the Orb.
     0 | D:1      | Reached XP level 1. HP: 13/13 MP: 6/6
   245 | D:1      | Reached XP level 2. HP: 8/19 MP: 3/7
   750 | D:1      | Learned a level 2 spell: Poisonous Vapours
  1423 | D:1      | Reached XP level 3. HP: 25/25 MP: 7/9
  1444 | D:1      | Learned a level 3 spell: Mephitic Cloud
  1724 | D:2      | Reached skill level 5 in Spellcasting
  2030 | D:2      | Reached skill level 1 in Invocations
  2260 | D:2      | Reached skill level 1 in Fighting
  2260 | D:2      | Reached skill level 1 in Short Blades
  2260 | D:2      | Reached skill level 1 in Long Blades
  2260 | D:2      | Reached skill level 1 in Axes
  2260 | D:2      | Reached skill level 1 in Maces & Flails
  2260 | D:2      | Reached skill level 1 in Polearms
  2260 | D:2      | Reached skill level 1 in Staves
  2260 | D:2      | Reached skill level 1 in Slings
  2260 | D:2      | Reached skill level 1 in Bows
  2260 | D:2      | Reached skill level 1 in Crossbows
  2260 | D:2      | Reached skill level 1 in Throwing
  2260 | D:2      | Reached skill level 1 in Armour
  2260 | D:2      | Reached skill level 1 in Shields
  2260 | D:2      | Reached skill level 1 in Unarmed Combat
  2260 | D:2      | Reached skill level 1 in Evocations
  2347 | D:2      | Learned a level 3 spell: Ignite Poison
  2359 | D:2      | Found a snail-covered altar of Cheibriados.
  2400 | D:2      | Reached XP level 4. HP: 32/32 MP: 0/11
  2848 | D:2      | Found a shadowy altar of Dithmenos.
  3183 | D:3      | Reached skill level 1 in Conjurations
  3183 | D:3      | Reached skill level 1 in Hexes
  3183 | D:3      | Reached skill level 1 in Summonings
  3183 | D:3      | Reached skill level 1 in Necromancy
  3183 | D:3      | Reached skill level 1 in Translocations
  3183 | D:3      | Reached skill level 1 in Fire Magic
  3183 | D:3      | Reached skill level 1 in Ice Magic
  3183 | D:3      | Reached skill level 1 in Air Magic
  3183 | D:3      | Reached skill level 1 in Earth Magic
  3260 | D:2      | Learned a level 4 spell: Olgreb's Toxic Radiance
  3534 | D:3      | Found a hide-covered altar of Uskayaw.
  3535 | D:3      | Reached XP level 5. HP: 37/37 MP: 8/12
  4034 | D:3      | Found an ancient bone altar of Kikubaaqudgha.
  4546 | D:4      | Found Sarioll's Assorted Antiques.
  4689 | D:4      | Noticed Sigmund
  4770 | D:4      | Reached XP level 6. HP: 44/44 MP: 6/13
  5001 | D:4      | Found a staircase to the Ecumenical Temple.
  5010 | Temple   | Entered the Ecumenical Temple
  5161 | D:4      | Bought a jewelled gold wand for 108 gold pieces
  5190 | D:4      | Reached skill level 5 in Dodging
  5506 | D:4      | Killed Sigmund
  5507 | D:4      | Reached XP level 7. HP: 51/51 MP: 2/15
  5690 | D:4      | Found a hazy altar of Hepliaklqana.
  5904 | D:4      | Reached skill level 5 in Stealth
  6115 | D:5      | Entered Level 5 of the Dungeon
  6115 | D:5      | Found a sand-covered staircase.
  6120 | Ossuary  | Entered an ossuary
  6180 | Ossuary  | Reached XP level 8. HP: 33/57 MP: 4/16
  6753 | D:5      | Found an iron altar of Okawaru.
  7074 | D:5      | Noticed Eustachio
  7102 | D:5      | Killed Eustachio
  7103 | D:5      | Reached XP level 9. HP: 65/65 MP: 5/18
  7579 | D:6      | Noticed a gargoyle
  7916 | D:6      | Learned a level 3 spell: Confusing Touch
  7964 | D:6      | Found a white marble altar of Elyvilon.
  8042 | D:6      | Noticed Edmund
  8067 | D:6      | Killed Edmund
  8198 | D:4      | Bought a buckler for 121 gold pieces
  8198 | D:4      | Bought a scroll labelled UZUGUIRRO for 27 gold pieces
  8279 | D:6      | Noticed Dowan
  8280 | D:6      | Noticed Duvessa
  8306 | D:6      | Killed Dowan
  8309 | D:6      | Killed Duvessa
  9054 | D:7      | Reached skill level 5 in Invocations
  9522 | D:7      | Found a bloodstained altar of Trog.
  9706 | D:7      | Reached XP level 10. HP: 73/73 MP: 4/20
 10018 | D:7      | Found a burning altar of Makhleb.
 10320 | D:8      | Found a radiant altar of Vehumet.
 10429 | D:8      | Found a staircase to the Lair.
 10496 | D:8      | Reached skill level 5 in Fighting
 10496 | D:8      | Reached skill level 5 in Short Blades
 10496 | D:8      | Reached skill level 5 in Long Blades
 10496 | D:8      | Reached skill level 5 in Axes
 10496 | D:8      | Reached skill level 5 in Maces & Flails
 10496 | D:8      | Reached skill level 5 in Polearms
 10496 | D:8      | Reached skill level 5 in Staves
 10496 | D:8      | Reached skill level 5 in Slings
 10496 | D:8      | Reached skill level 5 in Bows
 10496 | D:8      | Reached skill level 5 in Crossbows
 10496 | D:8      | Reached skill level 5 in Throwing
 10496 | D:8      | Reached skill level 5 in Armour
 10496 | D:8      | Reached skill level 5 in Shields
 10496 | D:8      | Reached skill level 5 in Unarmed Combat
 10496 | D:8      | Reached skill level 5 in Evocations
 10925 | D:8      | Gained mutation: You are frail. (-10% HP) [potion of
                  | mutation]
 10925 | D:8      | Gained mutation: Armour fits poorly on your strangely
                  | shaped body. [potion of mutation]
 10925 | D:8      | Lost mutation: You are frail. (-10% HP) [potion of
                  | mutation]
 10925 | D:8      | Gained mutation: You are strong-willed. (Will+) [potion of
                  | mutation]
 11208 | D:8      | Found a glowing silver altar of Zin.
 11238 | D:8      | Found an opulent altar of Gozag.
 11244 | D:8      | Became a worshipper of Gozag Ym Sagoz the Greedy
 11715 | D:9      | Found a transporter.
 11718 | D:9      | Noticed Denhark's ghost (novice DDFi)
 11835 | D:9      | Reached skill level 5 in Transmutations
 11995 | D:9      | Found a transporter.
 12042 | D:9      | Noticed a manticore
 12053 | D:9      | Killed a manticore
 12479 | D:9      | Found a sparkling altar of Nemelex Xobeh.
 12606 | D:10     | Entered Level 10 of the Dungeon
 12841 | D:10     | Reached XP level 11. HP: 81/81 MP: 20/22
 13258 | D:10     | Reached skill level 5 in Conjurations
 13258 | D:10     | Reached skill level 5 in Hexes
 13258 | D:10     | Reached skill level 5 in Summonings
 13258 | D:10     | Reached skill level 5 in Necromancy
 13258 | D:10     | Reached skill level 5 in Translocations
 13258 | D:10     | Reached skill level 5 in Fire Magic
 13258 | D:10     | Reached skill level 5 in Ice Magic
 13258 | D:10     | Reached skill level 5 in Air Magic
 13258 | D:10     | Reached skill level 5 in Earth Magic
 14170 | Lair:1   | Entered Level 1 of the Lair of Beasts
 14246 | Lair:1   | Identified a scroll of acquirement
 14246 | Lair:1   | Acquired 878 gold pieces
 14448 | D:8      | Bought a scorched pewter ring for 175 gold pieces
 14448 | D:8      | Bought a dazzling whip for 262 gold pieces
 14448 | D:8      | Identified the +1 whip of Ambiguity {speed, *Rage rPois
                  | rN+} (You bought it in a shop on level 8 of the Dungeon)
 14451 | D:8      | Identified the ring of Begoiton {rPois EV+4 Int+3} (You
                  | bought it in a shop on level 8 of the Dungeon)
 14461 | D:8      | Learned a level 4 spell: Petrify
 15029 | Lair:1   | Noticed Gastronok
 15240 | Lair:1   | Noticed Prince Ribbit
 15258 | Lair:1   | Killed Prince Ribbit
 15381 | Lair:1   | Reached XP level 12. HP: 62/89 MP: 6/24
 16646 | Lair:2   | Found an opulent altar of Gozag.
 16911 | Lair:2   | Found a staircase to the Shoals.
 16954 | D:8      | Bought a metal-bound book for 525 gold pieces
 16960 | D:8      | Learned a level 5 spell: Metabolic Englaciation
 16964 | D:8      | Learned a level 3 spell: Static Discharge
 17063 | Lair:1   | Killed Gastronok
 18353 | Lair:3   | Noticed a death yak
 18501 | Lair:2   | Killed a death yak
 18975 | Lair:3   | Reached XP level 13. HP: 97/98 MP: 19/26
 20174 | D:8      | Bought a pair of glowing boots for 262 gold pieces
 20404 | Lair:4   | Noticed Nessos
 20413 | Lair:4   | Killed Nessos
 20637 | Lair:4   | Found a staircase to the Snake Pit.
 20948 | Lair:4   | Identified Sif Muna's Grimoire of the Spatial Glacier
 20952 | Lair:4   | Learned a level 1 spell: Apportation
 21844 | Lair:4   | Learned a level 4 spell: Hailstorm
 21935 | Lair:5   | Found a dark tunnel.
 21973 | Volcano  | Entered a volcano
 22312 | Volcano  | Found a radiant altar of Vehumet.
 22312 | Volcano  | Noticed a red draconian
 22325 | Volcano  | Killed a red draconian
 22327 | Volcano  | Reached skill level 10 in Spellcasting
 22852 | Lair:5   | Found a staircase to the Slime Pits.
 22876 | Lair:5   | Found a viscous altar of Jiyva.
 23193 | D:8      | Bought a runed hand crossbow for 175 gold pieces
 23193 | D:8      | Bought a glowing whip for 148 gold pieces
 23193 | D:8      | Bought a glowing whip for 148 gold pieces
 23193 | D:8      | Bought a runed scimitar for 189 gold pieces
 23336 | Lair:5   | Reached XP level 14. HP: 72/106 MP: 17/28
 23593 | Lair:5   | Reached skill level 10 in Dodging
 24894 | Lair:6   | Entered Level 6 of the Lair of Beasts
 24925 | Lair:6   | Reached skill level 10 in Stealth
 25291 | Lair:6   | Reached skill level 10 in Invocations
 25493 | Lair:6   | Found a sacrificial altar of Ru.
 27413 | Lair:6   | Found a runed translucent door.
 28111 | Lair:6   | Reached XP level 15. HP: 92/115 MP: 23/29
 28353 | Lair:6   | Got a shimmering dagger
 28354 | Lair:6   | Identified the +11 dagger "Jojubb" {elec, +Blink rElec}
                  | (You found it on level 6 of the Lair of Beasts)
 28911 | D:11     | Found a flagged portal.
 28920 | Bailey   | Entered a bailey
 28972 | Bailey   | Found an iron altar of Okawaru.
 29233 | Bailey   | Acquired 961 gold pieces
 29386 | Bailey   | Identified the +1 hunting sling of Perfectionism {vorpal,
                  | +Fly rPois rC+ Str-2}
 30179 | D:11     | Learned a level 5 spell: Lightning Bolt
 30206 | D:11     | Found a basalt altar of Yredelemnul.
 30208 | D:11     | Found Ivveib's Book Boutique.
 30405 | D:11     | Bought a book of the Sky for 780 gold pieces
 30405 | D:11     | Bought a book of Burglary for 900 gold pieces
 30410 | D:11     | Learned a level 4 spell: Summon Lightning Spire
 30413 | D:11     | Learned a level 2 spell: Passwall
 30416 | D:11     | Learned a level 2 spell: Swiftness
 30421 | D:11     | Learned a level 4 spell: Passage of Golubria
 30504 | D:8      | Bought a runed demon trident for 486 gold pieces
 30930 | D:12     | Found a frozen archway.
 30961 | IceCv    | Entered an ice cave
 30997 | IceCv    | Reached skill level 10 in Poison Magic
 31370 | IceCv    | Reached skill level 10 in Fighting
 31370 | IceCv    | Reached skill level 10 in Short Blades
 31370 | IceCv    | Reached skill level 10 in Long Blades
 31370 | IceCv    | Reached skill level 10 in Axes
 31370 | IceCv    | Reached skill level 10 in Maces & Flails
 31370 | IceCv    | Reached skill level 10 in Polearms
 31370 | IceCv    | Reached skill level 10 in Staves
 31370 | IceCv    | Reached skill level 10 in Slings
 31370 | IceCv    | Reached skill level 10 in Bows
 31370 | IceCv    | Reached skill level 10 in Crossbows
 31370 | IceCv    | Reached skill level 10 in Throwing
 31370 | IceCv    | Reached skill level 10 in Armour
 31370 | IceCv    | Reached skill level 10 in Shields
 31370 | IceCv    | Reached skill level 10 in Unarmed Combat
 31370 | IceCv    | Reached skill level 10 in Evocations
 32034 | IceCv    | Identified the Collected Works on Ice
 32316 | D:12     | Found a staircase to the Orcish Mines.
 32728 | D:12     | Noticed Maurice
 32731 | D:12     | Killed Maurice
 33241 | Orc:1    | Entered Level 1 of the Orcish Mines
 33623 | Orc:1    | Found Boikal's General Store.
 33730 | Orc:2    | Entered Level 2 of the Orcish Mines
 34160 | Orc:2    | Found Zicsaoc's Antique Weapon Shoppe.
 34210 | Orc:2    | Found a staircase to the Elven Halls.
 35045 | Orc:2    | Reached XP level 16. HP: 123/123 MP: 12/31
 35156 | Orc:2    | Found Jaezu's Distillery.
 35156 | Orc:2    | Found Pept's Assorted Antiques.
 35164 | Orc:2    | Found Joak's Antique Weapon Emporium.
 35164 | Orc:2    | Found Iriafiuro's Assorted Antiques.
 35192 | Orc:2    | Bought a scroll of teleportation for 114 gold pieces
 35192 | Orc:2    | Bought a scroll of fog for 76 gold pieces
 35192 | Orc:2    | Bought a potion of heal wounds for 190 gold pieces
 35192 | Orc:2    | Bought a scroll of identify for 76 gold pieces
 35192 | Orc:2    | Bought a scroll of identify for 76 gold pieces
 35192 | Orc:2    | Bought a scroll of amnesia for 133 gold pieces
 35194 | Orc:2    | Bought a twisted broad axe for 198 gold pieces
 35194 | Orc:2    | Identified the +7 broad axe "Todathrei" {holy, Int+9} (You
                  | bought it in a shop on level 2 of the Orcish Mines)
 35199 | Orc:2    | Bought a scintillating iron ring for 165 gold pieces
 35199 | Orc:2    | Bought a wand of paralysis (3) for 66 gold pieces
 35199 | Orc:2    | Bought a papyrus book for 495 gold pieces
 35199 | Orc:2    | Bought a scroll of magic mapping for 115 gold pieces
 35200 | Orc:2    | Identified the ring "Ofirren" {rC++ Int+2 Dex-5 SInv
                  | Stlth-} (You bought it in a shop on level 2 of the Orcish
                  | Mines)
 35207 | Orc:2    | Bought a potion of heal wounds for 65 gold pieces
 35207 | Orc:2    | Bought a potion of heal wounds for 65 gold pieces
 35207 | Orc:2    | Bought a potion of heal wounds for 65 gold pieces
 35207 | Orc:2    | Bought a potion of mutation for 104 gold pieces
 35207 | Orc:2    | Bought a potion of mutation for 104 gold pieces
 35209 | Orc:2    | Lost mutation: Armour fits poorly on your strangely shaped
                  | body. [potion of mutation]
 35209 | Orc:2    | Lost mutation: You are strong-willed. (Will+) [potion of
                  | mutation]
 35209 | Orc:2    | Gained mutation: Your body sometimes deteriorates upon
                  | taking damage. [potion of mutation]
 35209 | Orc:2    | Gained mutation: You are strong-willed. (Will+) [potion of
                  | mutation]
 35272 | Orc:1    | Bought a condenser vane for 600 gold pieces
 35272 | Orc:1    | Bought a scroll of identify for 30 gold pieces
 35421 | D:8      | Learned a level 6 spell: Statue Form
 35582 | D:8      | Bought a transparent mace for 216 gold pieces
 35583 | D:8      | Identified the cursed +3 mace of the Spinneret {vorpal,
                  | +Fly rF+ Dex-5} (You bought it in a shop on level 8 of the
                  | Dungeon)
 37427 | D:13     | Found a gate to the Vaults.
 37993 | D:14     | Found a glowing golden altar of the Shining One.
 38698 | D:14     | Noticed Agnes
 39014 | D:14     | Got a fading scale mail
 39025 | D:14     | Identified the +5 scale mail of the Bulwark {Harm Regen+
                  | Int-4 Dex+4} (You found it on level 14 of the Dungeon)
 39283 | D:15     | Entered Level 15 of the Dungeon
 39671 | D:15     | Found a runed translucent door.
 39866 | D:15     | Noticed Jorgrun
 39962 | D:15     | Killed Jorgrun
 40097 | D:15     | Found a staircase to the Depths.
 40160 | D:15     | Learned a level 6 spell: Freezing Cloud
 41184 | Snake:1  | Entered Level 1 of the Snake Pit
 41515 | Snake:1  | Reached XP level 17. HP: 105/131 MP: 31/33
 42907 | Snake:2  | Found a flickering gateway to a bazaar.
 42937 | Bazaar   | Entered a bazaar
 42937 | Bazaar   | Found Todiset's Gadget Shoppe.
 42937 | Bazaar   | Found Erofidoe's Jewellery Shoppe.
 42937 | Bazaar   | Found Jeenyafoarph's Assorted Antiques.
 42937 | Bazaar   | Found Yxumorut's Antique Armour Emporium.
 42961 | Bazaar   | Bought an uncursed ring of willpower for 450 gold pieces
 42963 | Bazaar   | Bought a pair of embroidered boots for 127 gold pieces
 42963 | Bazaar   | Bought a pair of embroidered gloves for 127 gold pieces
 42963 | Bazaar   | Bought a runed helmet for 127 gold pieces
 43023 | Bazaar   | Bought a hardcover book for 450 gold pieces
 43023 | Bazaar   | Bought a wand of acid (9) for 240 gold pieces
 43122 | Snake:2  | Reached skill level 10 in Transmutations
 43132 | Snake:2  | Noticed Vashnia
 43454 | Snake:1  | Killed Vashnia
 44725 | Snake:3  | Reached skill level 10 in Conjurations
 44725 | Snake:3  | Reached skill level 10 in Hexes
 44725 | Snake:3  | Reached skill level 10 in Summonings
 44725 | Snake:3  | Reached skill level 10 in Necromancy
 44725 | Snake:3  | Reached skill level 10 in Translocations
 44725 | Snake:3  | Reached skill level 10 in Fire Magic
 44725 | Snake:3  | Reached skill level 10 in Ice Magic
 44725 | Snake:3  | Reached skill level 10 in Air Magic
 44725 | Snake:3  | Reached skill level 10 in Earth Magic
 45101 | Snake:3  | Learned a level 6 spell: Invisibility
 45103 | Snake:4  | Entered Level 4 of the Snake Pit
 45553 | Snake:4  | Noticed Asterion
 46073 | Snake:4  | Reached XP level 18. HP: 102/140 MP: 26/34
 46163 | Snake:4  | Noticed Louise
 46172 | Snake:4  | Killed Louise
 46990 | Snake:4  | Killed Asterion
 47902 | Snake:4  | Got a serpentine rune of Zot
 48214 | D:8      | Bought the ring "Epimagg" {rN+ Will+ Int+3 Dex-3} for 579
                  | gold pieces
 48453 | D:8      | Bought a scroll of enchant weapon for 90 gold pieces
 48453 | D:8      | Bought a scroll of enchant armour for 90 gold pieces
 48595 | Shoals:1 | Entered Level 1 of the Shoals
 50444 | Shoals:2 | Got an ichor-stained ring mail
 50445 | Shoals:2 | Identified the cursed +1 ring mail of the Desolation of
                  | Salt {*Drain Will+ Str+4 Slay+4} (You found it on level 2
                  | of the Shoals)
 51605 | Shoals:3 | Got a jewelled morningstar
 51606 | Shoals:3 | Identified the cursed +2 morningstar "Qoonk" {drain, Str+3}
                  | (You found it on level 3 of the Shoals)
 51692 | Shoals:3 | Noticed Kirke
 51708 | Shoals:3 | Killed Kirke
 51709 | Shoals:3 | Reached XP level 19. HP: 147/147 MP: 11/36
 51984 | Shoals:4 | Entered Level 4 of the Shoals
 52771 | Shoals:4 | Got a transparent morningstar
 52772 | Shoals:4 | Identified the +7 morningstar of Reepp {protect, Str+8}
                  | (You found it on level 4 of the Shoals)
 53862 | Shoals:4 | Got a barnacled rune of Zot
 54980 | D:8      | Learned a level 5 spell: Borgnjor's Vile Clutch
 55119 | Elf:1    | Entered Level 1 of the Elven Halls
 55451 | Elf:1    | Got an ichor-stained hunting sling
 55452 | Elf:1    | Identified the +6 hunting sling "Poimiyr" {freeze, rF+}
                  | (You found it on level 1 of the Elven Halls)
 55475 | Elf:1    | Noticed Roxanne
 55484 | Elf:1    | Killed Roxanne
 55667 | Elf:1    | Found Zes Eff's Magic Scroll Shop.
 55898 | Orc:2    | Learned a level 5 spell: Silence
 56716 | Elf:2    | Identified the ring of the Traitor {Int+4 SInv}
 56737 | Elf:2    | Reached XP level 20. HP: 102/156 MP: 20/37
 56938 | Elf:2    | Identified the Collected Works on Supportive Conjuration
 57151 | Elf:2    | Found Unkugual's Jewellery Shoppe.
 57645 | Elf:2    | Found a huge runed translucent gate.
 57645 | Elf:2    | Found a huge runed translucent gate.
 57645 | Elf:2    | Found a huge runed translucent gate.
 57645 | Elf:2    | Found a huge runed translucent gate.
 57647 | Elf:2    | Found a huge runed translucent gate.
 58792 | Elf:3    | Entered Level 3 of the Elven Halls
 59339 | Elf:3    | Got a slimy war axe
 59340 | Elf:3    | Identified the +10 war axe of Generosity {vamp, rF+ Stlth+}
                  | (You found it on level 3 of the Elven Halls)
 59697 | Elf:3    | Noticed a Tzitzimitl
 60110 | Elf:3    | Identified the +3 leather armour of the Moon Troll {rC+
                  | Str+3}
 60216 | Elf:3    | Identified the amulet "Dulyideu" {Faith rPois rF- rC+++}
 60233 | Elf:3    | Reached XP level 21. HP: 150/164 MP: 30/39
 60436 | Elf:3    | Found the +3 sling "Punk" {acid, rCorr}
 60456 | Elf:3    | Got a steaming buckler
 60457 | Elf:3    | Identified the cursed +0 buckler of the Desolation of Salt
                  | {rF- Int+2 Dex+3 SInv} (You found it on level 3 of the
                  | Elven Halls)
 60466 | Elf:3    | Found the brooch of Shielding {Spirit SH+8}
 60514 | Elf:3    | Got an ebony mace
 60515 | Elf:3    | Identified the cursed +2 mace of Valiance {elec, rElec
                  | Int+2} (You found it on level 3 of the Elven Halls)
 60566 | Elf:3    | Got a masterwork chain mail
 60567 | Elf:3    | Identified the cursed +1 chain mail "Zitoiw" {rPois rCorr
                  | MP-9 Stlth+} (You found it on level 3 of the Elven Halls)
 60696 | Elf:1    | Bought a scroll of fog for 30 gold pieces
 60696 | Elf:1    | Bought a scroll of brand weapon for 300 gold pieces
 61653 | D:9      | Killed Denhark's ghost
 61858 | Vaults:1 | Entered Level 1 of the Vaults
 61880 | Vaults:1 | Found a magical portal.
 61885 | WizLab   | Entered The Chambers of the Cloud Mage
 62373 | WizLab   | Identified the +7 quarterstaff of Soklider {elec, rPois rF-
                  | Str+4}
 63330 | WizLab   | Got a smoking quick blade
 63331 | WizLab   | Identified the +9 quick blade of Guilt {drain, Str+4} (You
                  | found it in a wizard's laboratory)
 63336 | WizLab   | Identified the Reference Book on Feathers
 63342 | WizLab   | Got a crystal trident
 63343 | WizLab   | Identified the +7 trident of Premature Burial {speed,
                  | +Blink Str+2 Int+3} (You found it in a wizard's laboratory)
 63874 | D:8      | Bought a scroll of amnesia for 42 gold pieces
 63908 | D:8      | Learned a level 6 spell: Iron Shot
 63916 | D:8      | Learned a level 7 spell: Spellforged Servitor
 63927 | D:8      | Bought 3 scrolls of brand weapon for 720 gold pieces
 64300 | Vaults:1 | Reached skill level 15 in Invocations
 64648 | Vaults:1 | Found Jyuseu's Magic Scroll Shop.
 64660 | Vaults:1 | Bought a scroll of enchant armour for 135 gold pieces
 64660 | Vaults:1 | Bought a scroll of enchant armour for 135 gold pieces
 66277 | Vaults:2 | Reached skill level 15 in Spellcasting
 66413 | Vaults:2 | Reached XP level 22. HP: 172/172 MP: 25/41
 66469 | Vaults:2 | You fall into a shaft and drop 2 floors!
 66846 | Vaults:4 | Reached skill level 15 in Dodging
 66963 | Vaults:3 | Found Neaheguf's Gadget Emporium.
 67560 | Vaults:2 | Noticed Nikola
 67581 | Vaults:2 | Killed Nikola
 67582 | Vaults:2 | Reached skill level 15 in Stealth
 68776 | Vaults:3 | Found a staircase to the Crypt.
 68952 | Vaults:3 | Found Zixulygo's Distillery.
 68953 | Vaults:3 | You fall into a shaft and drop 1 floor!
 69822 | Vaults:3 | Found Rorghuduat's Magic Scroll Boutique.
 69824 | Vaults:3 | Bought 2 potions of invisibility for 256 gold pieces
 69824 | Vaults:3 | Bought a potion of invisibility for 128 gold pieces
 69824 | Vaults:3 | Bought a potion of mutation for 128 gold pieces
 69835 | Vaults:3 | Bought a scroll of enchant armour for 150 gold pieces
 70686 | Vaults:4 | Noticed Donald
 70693 | Vaults:4 | Reached XP level 23. HP: 180/180 MP: 18/42
 70698 | Vaults:4 | Killed Donald
 71229 | Vaults:4 | Reached skill level 15 in Fighting
 71229 | Vaults:4 | Reached skill level 15 in Short Blades
 71229 | Vaults:4 | Reached skill level 15 in Long Blades
 71229 | Vaults:4 | Reached skill level 15 in Axes
 71229 | Vaults:4 | Reached skill level 15 in Maces & Flails
 71229 | Vaults:4 | Reached skill level 15 in Polearms
 71229 | Vaults:4 | Reached skill level 15 in Staves
 71229 | Vaults:4 | Reached skill level 15 in Slings
 71229 | Vaults:4 | Reached skill level 15 in Bows
 71229 | Vaults:4 | Reached skill level 15 in Crossbows
 71229 | Vaults:4 | Reached skill level 15 in Throwing
 71229 | Vaults:4 | Reached skill level 15 in Armour
 71229 | Vaults:4 | Reached skill level 15 in Shields
 71229 | Vaults:4 | Reached skill level 15 in Unarmed Combat
 71229 | Vaults:4 | Reached skill level 15 in Evocations
 71278 | Vaults:4 | Identified the +1 double sword "Gnoll's Doom" {vorpal,
                  | Str+4 Dex+7}
 71766 | Vaults:4 | Noticed Mennas
 71788 | Vaults:4 | Killed Mennas
 71851 | Vaults:4 | Noticed Boris
 71901 | Vaults:4 | Killed Boris
 72177 | D:14     | Killed Agnes
 72309 | Depths:1 | Entered Level 1 of the Depths
 72315 | Depths:1 | Identified the Volume of the Bewitching Rocks
 72410 | Depths:1 | Found a one-way gate leading to the halls of Pandemonium.
 73511 | Depths:1 | Found a large runed translucent door.
 73512 | Depths:1 | Found a large runed translucent door.
 73513 | Depths:1 | Noticed strangelove's ghost (master GrEE)
 73522 | Depths:1 | Killed strangelove's ghost
 73526 | Depths:1 | Got a fine hunting sling
 73527 | Depths:1 | Identified the +3 hunting sling "Yluemum" {venom, *Corrode
                  | Str+5 Int+4} (You found it on level 1 of the Depths)
 73687 | Depths:1 | Noticed Sojobo
 73701 | Depths:1 | Reached XP level 24. HP: 189/189 MP: 27/43
 73704 | Depths:1 | Killed Sojobo
 73995 | Depths:2 | Found Asuhex's Jewellery Shoppe.
 74002 | Depths:2 | Bought the ring "Ixafat" {rPois rF+ Will+} for 1036 gold
                  | pieces
 74008 | Depths:2 | Lost mutation: Your body sometimes deteriorates upon taking
                  | damage. [potion of mutation]
 74008 | Depths:2 | Lost mutation: You are strong-willed. (Will+) [potion of
                  | mutation]
 74008 | Depths:2 | Gained mutation: Your spells are a little harder to cast,
                  | but a little more powerful. [potion of mutation]
 74008 | Depths:2 | Gained mutation: You are frail. (-10% HP) [potion of
                  | mutation]
 74008 | Depths:2 | Gained mutation: You tend to lose your temper in combat.
                  | [potion of mutation]
 74008 | Depths:2 | Gained mutation: Your flesh is cold resistant. (rC+)
                  | [potion of mutation]
 74009 | Depths:2 | Lost mutation: You are frail. (-10% HP) [potion of
                  | mutation]
 74009 | Depths:2 | Lost mutation: You tend to lose your temper in combat.
                  | [potion of mutation]
 74009 | Depths:2 | Gained mutation: You have sharp toenails. [potion of
                  | mutation]
 74009 | Depths:2 | Gained mutation: You are partially covered in iridescent
                  | scales. (AC +2) [potion of mutation]
 74102 | Depths:2 | Identified the ring of the Locust {Ice Int+2}
 74126 | Depths:2 | Found a gateway to Hell.
 74412 | Depths:2 | Noticed a caustic shrike
 74439 | Depths:2 | Found the amulet of the Air {Inacc +Fly rElec EV+5 RMsl}
 74468 | Depths:2 | Killed a caustic shrike
 74586 | Depths:2 | Identified the Almanac of Heat and Stones
 75298 | Depths:2 | You fall into a shaft and drop 2 floors!
 75451 | Depths:2 | Found a gateway to a ziggurat.
 76076 | D:8      | Bought an uncursed ring of wizardry for 480 gold pieces
 76124 | D:8      | Bought a runed tower shield for 262 gold pieces
 76145 | D:8      | Lost mutation: Your spells are a little harder to cast, but
                  | a little more powerful. [potion of mutation]
 76145 | D:8      | Lost mutation: You have sharp toenails. [potion of
                  | mutation]
 76145 | D:8      | Gained mutation: You are surrounded by a mild repulsion
                  | field. (EV +2) [potion of mutation]
 76145 | D:8      | Gained mutation: You tend to lose your temper in combat.
                  | [potion of mutation]
 76145 | D:8      | Gained mutation: Potions are less effective at restoring
                  | your health. [potion of mutation]
 76145 | D:8      | Gained mutation: You are mostly covered in iridescent
                  | scales. (AC +4) [potion of mutation]
 76146 | D:8      | Lost mutation: Potions are less effective at restoring your
                  | health. [potion of mutation]
 76146 | D:8      | Lost mutation: You are surrounded by a mild repulsion
                  | field. (EV +2) [potion of mutation]
 76146 | D:8      | Gained mutation: Your spells are a little harder to cast,
                  | but a little more powerful. [potion of mutation]
 76149 | D:8      | Bought a +1 pair of boots of running for 693 gold pieces
 76576 | Depths:3 | Found a one-way gate to the infinite horrors of the Abyss.
 76822 | Depths:3 | Found an ancient bone altar of Kikubaaqudgha.
 77909 | Depths:4 | Got a glimmering long sword
 77910 | Depths:4 | Identified the +6 long sword of Contradiction {flame, rElec
                  | rC+ Dex+5} (You found it on level 4 of the Depths)
 78270 | Depths:4 | Found Ducs's Jewellery Shoppe.
 78271 | Depths:4 | Found Ymazy's Gadget Shop.
 78272 | Depths:4 | Found Vawueni's Jewellery Shoppe.
 78936 | Depths:5 | Entered Level 5 of the Depths
 78936 | Depths:5 | Noticed a juggernaut
 78987 | Depths:4 | Killed a juggernaut
 79178 | Depths:4 | Reached XP level 25. HP: 197/197 MP: 35/43
 79926 | Depths:5 | Noticed a juggernaut
 80051 | Depths:5 | Killed a juggernaut
 80294 | Depths:5 | Found a gate to the Realm of Zot.
 81493 | Crypt:1  | Entered Level 1 of the Crypt
 81894 | Depths:2 | Bought an uncursed ring of wizardry for 720 gold pieces
 82270 | Shoals:4 | Learned a level 8 spell: Necromutation
 83082 | Crypt:1  | Noticed Saint Roka
 83122 | Crypt:1  | Killed Saint Roka
 83450 | Crypt:1  | Reached skill level 15 in Poison Magic
 83661 | Crypt:1  | Gained mutation: Your body sometimes deteriorates upon
                  | taking damage. [mutagenic glow]
 84822 | Crypt:1  | Noticed Frederick
 84845 | Crypt:1  | Killed Frederick
 84876 | Crypt:1  | Identified the amulet of Nitryq {Spirit rF+ Int+5 Dex+2
                  | Stlth+}
 85651 | Crypt:1  | Noticed an ancient lich
 85664 | Crypt:1  | Killed an ancient lich
 85973 | Crypt:2  | Reached XP level 26. HP: 195/206 MP: 37/44
 87949 | Crypt:3  | Entered Level 3 of the Crypt
 88479 | Crypt:3  | Noticed Jory
 88500 | Crypt:3  | Killed Jory
 88664 | Crypt:3  | Found a staircase to the Tomb.
 90537 | Crypt:3  | Identified the Volume of Unholy Cold
 90539 | Crypt:3  | Identified the Papyrus of the Eleven Yaks
 90546 | Crypt:3  | Got a crystal great mace
 90547 | Crypt:3  | Identified the +4 great mace of Defence {venom, rElec SInv}
                  | (You found it on level 3 of the Crypt)
 90854 | D:13     | Learned a level 8 spell: Ignition
 91073 | Vaults:5 | Entered Level 5 of the Vaults
 91422 | Vaults:5 | Reached XP level 27. HP: 151/215 MP: 29/44
 91429 | Vaults:5 | Reached skill level 15 in Transmutations
 91521 | Vaults:5 | Noticed Margery
 91540 | Vaults:5 | Killed Margery
 91736 | Vaults:5 | Identified the ring "Vuhuivue" {rPois Int+2}
 91755 | Vaults:5 | Reached skill level 15 in Conjurations
 91755 | Vaults:5 | Reached skill level 15 in Hexes
 91755 | Vaults:5 | Reached skill level 15 in Summonings
 91755 | Vaults:5 | Reached skill level 15 in Necromancy
 91755 | Vaults:5 | Reached skill level 15 in Translocations
 91755 | Vaults:5 | Reached skill level 15 in Fire Magic
 91755 | Vaults:5 | Reached skill level 15 in Ice Magic
 91755 | Vaults:5 | Reached skill level 15 in Air Magic
 91755 | Vaults:5 | Reached skill level 15 in Earth Magic
 92511 | Vaults:5 | Learned a level 2 spell: Blink
 92639 | Vaults:5 | Slain by a stone giant

Illustrated notes

Levels and vault maps discovered:
D:1:      evilmike_arrival_hilbert_curve, layout_loops_ring
D:2:      layout_loops_ring, lemuel_doored_altar, lemuel_coloured_pillars_altar
D:3:      layout_basic, nicolae_overflow_crystal_walls,
          eat_drink_and_be_merry_uskayaw
D:4:      layout_rooms, old_standard_altar, minmay_temple_entry_poolview,
          serial_shops, shop, minivault_14, minmay_a_box_with_orc_wizards_in_it,
          uniq_sigmund
D:5:      layout_rooms, overflow_temple_1_default, enter_ossuary_3,
          minmay_misc_feat_pillars, uniq_eustachio
D:6:      layout_cave_pools, old_standard_altar, uniq_duvessa, uniq_edmund
D:7:      layout_basic, trog_ov_bears_minmay, marbit_many_paths
D:8:      layout_basic, pdpol_temple_overflow_zin_treasury_gozag_greed,
          fiery_altar_vehumet, lair_entry_dummy
D:9:      layout_rooms, kennysheep_mini, gammafunk_ghost_mausoleum
D:10:     layout_roguey, grunt_ministairs_4, the_bakery
D:11:     layout_loops_ring, basic_altar, serial_shops, nicolae_shop_crystal,
          enter_bailey_6
D:12:     layout_loops_ring, zombieorc2_lemuel, portal_ice_cave_demonic_guard,
          uniq_maurice
D:13:     layout_stronghold, grunt_vaults_entry_fortified,
          minmay_misc_feat_square, minmay_fountain_box, worms_lemuel
D:14:     layout_roguey, tso_metal_star, uniq_agnes
D:15:     grunt_enter_depths_giant_problem, layout_gridville,
          minmay_misc_feat_four_crosses, lightli_airlock, uniq_jorgrun
Temple:   nicolae_temple_figure_zero
Lair:1:   layout_chaotic_city, grunt_megastairs_5, uniq_prince_ribbit2,
          uniq_gastronok
Lair:2:   layout_chaotic_city, minmay_shoals_entry_beasts, basic_altar,
          grunt_megastairs_3
Lair:3:   regret_index_tunnel_blossom, layout_small_grid, roderic_batcave
Lair:4:   layout_cave_pods, guppyfry_snake_entry_island, uniq_nessos
Lair:5:   layout_hall_layers, slime_altar_1, nicolae_volcano_entry_batcave,
          minivault_25
Lair:6:   hangedman_lair_caniforms_friends, layout_gridlike, wormcave,
          st_stairs_12, chequers_serial_rivers_small_a, serial_bayou_pond_d,
          lemuel_oklob_altar
Shoals:1: layout_shoals, st_sunken_huts
Shoals:2: layout_shoals, abandoned_shop
Shoals:3: layout_shoals, uniq_kirke
Shoals:4: shoals_end_hangedman, layout_shoals, nicolae_shoals_undead_eyrie
Snake:1:  layout_layer_cave, special_room, lemuel_fruit_tree,
          serial_bayou_shore_a
Snake:2:  layout_grid_shapes, serial_shops, bzr_entry_customers, st_stairs_9,
          nrook_loot_triangle, uniq_vashnia
Snake:3:  layout_grid_shapes, special_room, nrook_guardian_serpent_ordinary
Snake:4:  snake_hunt, layout_gridlike, grunt_megastairs_4, uniq_asterion,
          uniq_louise
Orc:1:    layout_diamond_mine, serial_shops, nicolae_shop_statue_plus
Orc:2:    grunt_orc_tribal_feast, layout_diamond_mine, guppyfry_orc_lava_fort
Elf:1:    layout_loops_cross, serial_shops, shop, minivault_28, minivault_16,
          uniq_roxanne
Elf:2:    layout_geoelf_octagon, serial_shops, shop, chequers_big_river,
          minmay_elf_sorcery
Elf:3:    elf_hall, layout_gridlike, grunt_megastairs_1
Vaults:1: v_misc_33, nicolae_vaults_asterisk, hangedman_vaults_cutoff,
          hangedman_vaults_restitches, v_rooms_4, vaults_mumra_minichess,
          ontoclasm_vaults_decontamination, v_alt_pattern_1,
          vaults_room_ringed_pool, dpeg_vaults_pockets_of_resistance,
          hangedman_vaults_nails, nicolae_vaults_ring_of_whatevers,
          ontoclasm_vaults_misaligned, layout_vaults_omnibox,
          infiniplex_enter_wizlab_spiral, serial_shops, shop
Vaults:2: grunt_vaults_hallway_short, v_pattern_5, grunt_vaults_swirl,
          ontoclasm_vaults_loading_screen, ontoclasm_vaults_fault,
          nicolae_vaults_little_ls, vaults_standard_mumra_lines,
          nicolae_vaults_little_squares_2, vaults_room_stairs_pillars,
          vaults_mumra_bighexcomb, nicolae_vaults_yaktaur_gun_rack,
          nicolae_vaults_what_the_h, vaults_room_semicircle,
          nicolae_vaults_asterisk, vaults_room_pools, layout_vaults_omnicross,
          uniq_nikola
Vaults:3: hangedman_vaults_capsules, v_misc_16, ontoclasm_vaults_loading_screen,
          v_rooms_5, minmay_crypt_entry_simple_walls,
          hangedman_vaults_river_flow, vaults_mumra_hexcomb,
          hangedman_vaults_stitches, v_misc_8, vaults_dpeg_diagonal,
          hangedman_vaults_stretched_pinwheel, layout_vaults_ring, serial_shops,
          nicolae_shop_statue_plus, shop, nicolae_shop_trees
Vaults:4: nicolae_vaults_murderbox, grunt_vaults_trifunnel, v_misc_19,
          nicolae_vaults_three_branches, hangedman_vaults_cutoff,
          nicolae_vaults_little_squares_1, v_misc_8,
          hangedman_vaults_restitches, layout_vaults_omnigrid, uniq_boris,
          uniq_mennas, uniq_donald
Vaults:5: serial_shops, uniq_margery
Crypt:1:  layout_misc_corridors, corexii_leaking_fountain, weyrava_lich_vault,
          grunt_megastairs_2, uniq_saint_roka, uniq_frederick
Crypt:2:  layout_basic
Crypt:3:  due_elkab, layout_chaotic_city, uniq_jory
Depths:1: layout_roguey, ebering_ghost_disaster_area, hellmouth_1, pan_entry,
          kennysheep_four_rooms, uniq_sojobo
Depths:2: minmay_strange_plus, layout_basic, enter_ziggurat_f, hell_entry,
          serial_shops, shop, infiniplex_staircase_spiral, grunt_ministairs_3,
          library_closet, interstate_on_off, minmay_misc_feat_cross
Depths:3: minmay_containers, layout_honeycomb, pf_coc_iceberg,
          grunt_pan_entry_in_and_out, old_standard_altar, abyss_entry
Depths:4: minmay_diamond_stairs, layout_cave_shapes, abyss_entry, serial_glass,
          glass_columns_a, glass_columns_a, grunt_pan_entry_spiral,
          infiniplex_staircase_pool_lava, hell_entry, firewood_loft,
          serial_bayou_shore_b, minmay_shop_grove
Depths:5: evilmike_zot_entry_diamond, layout_twisted_cross, hell_entry,
          minmay_tree_intersection

Skill      XL: |  1  2  3  4  5  6  7  8  9 10 11 12 13 14 15 16 17 18 19 20 21 22 23 24 25 26 27 |
---------------+----------------------------------------------------------------------------------+-----
Transmutations | 2 3 4 5 6 7 8 9 10 11 12 13 14 15 | 15.2
Spellcasting   | 5 6 7 8 9 10 11 12 13 14 15 16 17 18 | 18.0
Invocations    | 1 2 3 4 5 6 7 8 9 10 11 12 13 14 15 16 17 18 | 18.9
Fighting       | 1 2 3 4 5 6 7 8 9 10 11 12 13 14 15 16 17 | 17.5
Short Blades   | 1 2 3 4 5 6 7 8 9 10 11 12 13 14 15 16 17 | 17.5
Long Blades    | 1 2 3 4 5 6 7 8 9 10 11 12 13 14 15 16 17 18 | 18.0
Axes           | 1 2 3 4 5 6 7 8 9 10 11 12 13 14 15 16 17 | 17.5
Maces & Flails | 1 2 3 4 5 6 7 8 9 10 11 12 13 14 15 16 17 | 17.5
Polearms       | 1 2 3 4 5 6 7 8 9 10 11 12 13 14 15 16 17 | 17.5
Staves         | 1 2 3 4 5 6 7 8 9 10 11 12 13 14 15 16 17 | 17.5
Slings         | 1 2 3 4 5 6 7 8 9 10 11 12 13 14 15 16 17 | 17.5
Bows           | 1 2 3 4 5 6 7 8 9 10 11 12 13 14 15 16 17 | 17.5
Crossbows      | 1 2 3 4 5 6 7 8 9 10 11 12 13 14 15 16 17 | 17.5
Throwing       | 1 2 3 4 5 6 7 8 9 10 11 12 13 14 15 16 17 | 17.5
Armour         | 1 2 3 4 5 6 7 8 9 10 11 12 13 14 15 16 17 | 17.5
Shields        | 1 2 3 4 5 6 7 8 9 10 11 12 13 14 15 16 17 | 17.5
Unarmed Combat | 1 2 3 4 5 6 7 8 9 10 11 12 13 14 15 16 17 | 17.5
Evocations     | 1 2 3 4 5 6 7 8 9 10 11 12 13 14 15 16 17 | 17.5
Conjurations   | 1 2 3 4 5 6 7 8 9 10 11 12 13 14 15 | 15.1
Hexes          | 1 2 3 4 5 6 7 8 9 10 11 12 13 14 15 | 15.1
Summonings     | 1 2 3 4 5 6 7 8 9 10 11 12 13 14 15 | 15.1
Necromancy     | 1 2 3 4 5 6 7 8 9 10 11 12 13 14 15 | 15.1
Translocations | 1 2 3 4 5 6 7 8 9 10 11 12 13 14 15 | 15.1
Fire Magic     | 1 2 3 4 5 6 7 8 9 10 11 12 13 14 15 | 15.1
Ice Magic      | 1 2 3 4 5 6 7 8 9 10 11 12 13 14 15 | 15.1
Air Magic      | 1 2 3 4 5 6 7 8 9 10 11 12 13 14 15 | 15.1
Earth Magic    | 1 2 3 4 5 6 7 8 9 10 11 12 13 14 15 | 15.1
Dodging        | 5 6 7 8 9 10 11 12 13 14 15 16 17 18 | 18.0
Stealth        | 5 6 7 8 9 10 11 12 13 14 15 16 17 | 17.9
Poison Magic   | 6 7 8 9 10 11 12 13 14 15 | 15.8

Action                   |  1- 3 |  4- 6 |  7- 9 | 10-12 | 13-15 | 16-18 | 19-21 | 22-24 | 25-27 || total
-------------------------+-------+-------+-------+-------+-------+-------+-------+-------+-------++-------
Melee: Hand axe          |     5 |       |       |    13 |       |       |       |       |       ||    18
       Dagger            |    32 |    42 |   227 |   368 |   516 |   619 |   428 |   337 |       ||  2569
       Bite              |     3 |     5 |    55 |    71 |   129 |    72 |    70 |   174 |   284 ||   863
       Punch             |       |     1 |     2 |       |       |       |       |       |       ||     3
       Flail             |       |       |    15 |    27 |       |       |       |       |       ||    42
       Scimitar          |       |       |       |       |   238 |       |       |       |       ||   238
       Whip              |       |       |       |       |     9 |       |       |       |       ||     9
       Demon trident     |       |       |       |       |   196 |       |   180 |   757 |   392 ||  1525
       Broad axe         |       |       |       |       |       |     9 |    12 |    35 |   168 ||   224
       Morningstar       |       |       |       |       |       |       |    41 |       |  1083 ||  1124
       War axe           |       |       |       |       |       |       |       |    18 |       ||    18
       Rapier            |       |       |       |       |       |       |       |   150 |    37 ||   187
       Kick              |       |       |       |       |       |       |       |    26 |       ||    26
 Fire: Hunting sling     |       |       |    25 |    38 |    54 |       |       |       |       ||   117
       Hand crossbow     |       |       |       |       |   140 |   640 |    84 |       |       ||   864
       Fustibalus        |       |       |       |       |       |       |    48 |       |       ||    48
Throw: Boomerang         |       |       |    17 |       |    10 |       |       |       |       ||    27
       Throwing net      |       |       |       |       |       |     1 |     2 |       |       ||     3
       Javelin           |       |       |       |       |       |       |   267 |    63 |   165 ||   495
 Cast: Sting             |    28 |    46 |    22 |       |       |       |       |       |       ||    96
       Poisonous Vapours |    22 |    57 |    68 |   298 |   325 |   146 |    85 |       |       ||  1001
       Mephitic Cloud    |       |     1 |    18 |     4 |    13 |     3 |       |       |       ||    39
       Ignite Poison     |       |     1 |    13 |     5 |    16 |    29 |    21 |       |       ||    85
       Confusing Touch   |       |       |     1 |    18 |     2 |       |       |       |       ||    21
       Olgreb's Toxic Ra |       |       |       |    18 |    52 |    31 |    73 |    84 |    35 ||   293
       Petrify           |       |       |       |     7 |    58 |    10 |       |       |       ||    75
       Static Discharge  |       |       |       |       |     2 |       |       |       |       ||     2
       Metabolic Englaci |       |       |       |       |     3 |       |       |       |       ||     3
       Hailstorm         |       |       |       |       |     8 |       |       |       |       ||     8
       Apportation       |       |       |       |       |     6 |    33 |    96 |    56 |    32 ||   223
       Summon Lightning  |       |       |       |       |    23 |   136 |    34 |       |       ||   193
       Passage of Golubr |       |       |       |       |     1 |    28 |    38 |     5 |    16 ||    88
       Statue Form       |       |       |       |       |       |    19 |    25 |    53 |    19 ||   116
       Passwall          |       |       |       |       |       |     3 |     2 |       |       ||     5
       Freezing Cloud    |       |       |       |       |       |    21 |    25 |    23 |    12 ||    81
       Swiftness         |       |       |       |       |       |     3 |     3 |       |       ||     6
       Invisibility      |       |       |       |       |       |     4 |       |     1 |     1 ||     6
       Borgnjor's Vile C |       |       |       |       |       |       |     4 |       |       ||     4
       Silence           |       |       |       |       |       |       |     2 |     6 |     7 ||    15
       Spellforged Servi |       |       |       |       |       |       |    11 |    22 |    56 ||    89
       Iron Shot         |       |       |       |       |       |       |     1 |    10 |       ||    11
       Necromutation     |       |       |       |       |       |       |       |       |    73 ||    73
       Ignition          |       |       |       |       |       |       |       |       |     1 ||     1
Invok: Call Merchant     |       |       |       |     1 |     2 |     2 |     2 |     1 |       ||     8
       Potion Petition   |       |       |       |       |       |       |       |       |     4 ||     4
 Abil: Evoke Flight      |       |       |       |       |     3 |    35 |    16 |       |     1 ||    55
       Evoke Blink       |       |       |       |       |       |     1 |     4 |       |       ||     5
       End Transformatio |       |       |       |       |       |     3 |     9 |    32 |     8 ||    52
       Stop Flying       |       |       |       |       |       |     1 |     1 |       |       ||     2
       Evoke Thunderclou |       |       |       |       |       |       |     1 |       |       ||     1
Evoke: Wand              |       |       |       |     1 |    21 |     2 |    10 |       |       ||    34
       Condenser vane    |       |       |       |       |       |     1 |       |     1 |       ||     2
       Box of beasts     |       |       |       |       |       |       |       |       |     1 ||     1
  Use: Scroll            |       |    11 |     4 |    12 |    18 |    19 |    24 |     9 |     9 ||   106
       Potion            |       |     2 |     1 |     2 |     1 |     4 |     5 |     4 |     8 ||    27
 Stab: Sleeping          |     4 |     1 |     2 |     2 |    17 |     9 |    24 |    38 |    21 ||   118
       Confused          |       |       |     2 |    18 |     6 |       |       |       |       ||    26
       Distracted        |       |       |     1 |     6 |    11 |    12 |    10 |    15 |    36 ||    91
       Paralysed         |       |       |       |     2 |       |       |       |       |       ||     2
       Petrified         |       |       |       |     7 |    66 |     6 |       |       |       ||    79
       Petrifying        |       |       |       |     3 |     4 |     2 |       |       |       ||     9
       Invisible         |       |       |       |       |       |     4 |       |     1 |     1 ||     6
Armor: Robe              |     4 |       |       |    12 |    68 |    48 |     2 |    22 |       ||   156
       Leather armour    |     5 |    10 |    34 |       |       |       |       |       |   156 ||   205
       Skin              |       |     9 |       |     4 |       |    94 |    85 |   199 |   131 ||   522
       Ring mail         |       |       |    17 |    26 |       |    16 |    39 |     8 |    14 ||   120
       Scale mail        |       |       |       |       |       |       |    14 |       |       ||    14
Dodge: Dodged            |    22 |    33 |   139 |   227 |   480 |   482 |   261 |   510 |   824 ||  2978
       Repelled          |       |       |       |       |       |       |     3 |     7 |    12 ||    22
Block: Buckler           |       |       |    26 |   100 |    47 |       |       |       |       ||   173
       Kite shield       |       |       |       |       |   324 |   525 |   561 |  1120 |  1180 ||  3710
       Reflection        |       |       |       |       |       |    12 |    46 |       |       ||    58
       Rpst.: Scimitar   |       |       |       |       |    24 |       |       |       |       ||    24
